 Dungeon Crawl Stone Soup version 0.30.1-9-gdf580d7c3d (webtiles) character file.

Game seed: 13511707135329776029

3224 Edgeworth the Basher (level 9, -3/56 HPs)
             Began as a Gargoyle Fighter on Oct 15, 2023.
             Was a Believer of Okawaru.
             Slain by a killer bee (4 damage)
             ... on level 7 of the Dungeon.
             The game lasted 00:12:06 (6463 turns).

Edgeworth the Basher (Gargoyle Fighter)             Turns: 6463, Time: 00:12:08

Health: -3/56      AC: 18    Str: 23    XL:     9   Next: 98%
Magic:  9/9        EV:  7    Int: 10    God:    Okawaru [**....]
Gold:   412        SH:  9    Dex:  9    Spells: 8/8 levels left

rFire   . . .        t - +4 flail
rCold   . . .        g - +0 kite shield
rNeg    + . .        o - +0 chain mail
rPois   ∞            (no helmet)
rElec   +            (no cloak)
rCorr   .            k - +0 pair of gloves
SInv    .            (no boots)
Will    .....        d - amulet of faith Stlth
                     (no ring)
HPRegen 0.29/turn    (no ring)
MPRegen 0.11/turn

%: faith
@: hasted, very quick
A: sickness immunity, AC +6, negative energy resistance 1, electricity
resistance, torment resistance 1, petrification resistance
a: Renounce Religion, Heroism


You were on level 7 of the Dungeon.
You worshipped Okawaru.
Okawaru was pleased with you.
You visited 2 branches of the dungeon, and saw 8 of its levels.

You collected 440 gold pieces.
You spent 28 gold pieces at shops.

Inventory:

Hand Weapons
 q - a +2 heavy hand axe
 t - a +4 flail (weapon)
 w - a +0 demon trident of freezing
Missiles
 y - 2 throwing nets (quivered)
Armour
 g - a +0 kite shield (worn)
 k - a +0 pair of gloves (worn)
 o - a +0 chain mail (worn)
Jewellery
 d - an amulet of faith (around neck)
Wands
 B - a wand of flame (20)
 D - a wand of acid (10)
Scrolls
 b - 2 scrolls of immolation {unknown}
 c - 4 scrolls of teleportation {unknown}
 e - 3 scrolls of vulnerability {unknown}
 h - 12 scrolls of identify
 j - 2 scrolls of blinking {unknown}
 l - 3 scrolls of enchant armour {unknown}
 m - a scroll of enchant weapon {unknown}
 p - a scroll of fog {unknown}
 r - 2 scrolls of fear {unknown}
 v - a scroll of magic mapping {unknown}
 C - a scroll of torment {unknown}
Potions
 a - a potion of lignification {unknown}
 f - 2 potions of curing {unknown}
 i - a potion of ambrosia {unknown}
 n - 2 potions of mutation {unknown}
 s - 3 potions of haste
 u - 2 potions of might
 x - a potion of attraction {unknown}
 z - a potion of heal wounds {unknown}
 A - a potion of magic {unknown}


   Skills:
 + Level 6.9 Fighting
 + Level 9.1 Maces & Flails
 + Level 7.4 Armour
 + Level 7.7 Shields


You had 8 spell levels left.
You didn't know any spells.
Your spell library contained the following spells:

 Spells                   Type           Power      Damage    Failure   Level
 Beastly Appendage        Tmut           0%         N/A       98%         1
 Shock                    Conj/Air       0%         1d3       98%         1
 Swiftness                Air            0%         N/A       100%        3
 Airstrike                Air            0%         2d(0-16)  100%        4
 Ice Form                 Ice/Tmut       0%         N/A       100%        4
 Petrify                  Tmut/Erth      0%         N/A       100%        4
 Metabolic Englaciation   Hex/Ice        0%         N/A       100%        5
 Necromutation            Tmut/Necr      0%         N/A       100%        8
 Summon Small Mammal      Summ           Unusable   N/A       N/A         1
 Call Canine Familiar     Summ           Unusable   N/A       N/A         3
 Summon Guardian Golem    Hex/Summ       Unusable   N/A       N/A         3
 Statue Form              Tmut/Erth      Unusable   N/A       N/A         6

Dungeon Overview and Level Annotations

Branches:
Dungeon (7/15)             Temple (1/1) D:5

Altars:
Dithmenos
Gozag
Hepliaklqana
Nemelex Xobeh
Okawaru
Ru
Sif Muna
Trog
Uskayaw
Wu Jian
Xom
Yredelemnul
The Shining One

Shops:
D:2 (*   D:3 (


Innate Abilities, Weirdness & Mutations

You are immune to sickness and miasma.
Your stone body is resilient. (AC +6)
You are immune to poison.
You resist negative energy. (rN+)
You are resistant to electric shocks. (rElec)
You are resistant to unholy torment.
You are immune to petrification.


Message History

A killer bee comes into view.
You bludgeon something!! Okawaru accepts your kill.
Reactivating autopickup.
You feel a bit more experienced.
A killer bee comes into view.
A killer bee comes into view.
The killer bee stings you but does no damage. x2
You see here a sky beast corpse.
The killer bee buzzes angrily.
You hit the ogre.
The ogre is moderately wounded.
The killer bee stings you but does no damage.
The ogre hits you with a +0 giant spiked club!!
Ouch! That really hurt!
A killer bee comes into view.
You block the killer bee's attack.
The killer bee buzzes angrily.
The ogre attacks as you move away! You block the ogre's attack.
The killer bee stings you but does no damage.
The killer bee stings you.
The killer bee attacks as you move away!
The killer bee barely misses you. You block the killer bee's attack.
The killer bee stings you.
* * * LOW HITPOINT WARNING * * *
The killer bee stings you but does no damage.
The killer bee attacks as you move away!
The killer bee stings you but does no damage.
The killer bee stings you.
* * * LOW HITPOINT WARNING * * *
The killer bee stings you but does no damage.
The killer bee stings you!
* * * LOW HITPOINT WARNING * * *
It was a potion of haste.
You feel yourself speed up. The killer bee stings you.
* * * LOW HITPOINT WARNING * * *
The killer bee closely misses you. The killer bee stings you.
* * * LOW HITPOINT WARNING * * *
The killer bee stings you.
You die...

........#####
#................#....
#................#....
#................#....
#................#....
#................#....
#................'....
#..yy............#....
#######..yy@...........##..#
.........Oy########.....#..#
...........#......'.....#...
..$........#[.....#.....#...
.......†.(.#......#.....#...
...........#......#.....#...
...........######'#.....####
......#######.....##........
......#............#........


You could see an ogre and 5 killer bees.

Vanquished Creatures
  Pikel (D:7)
  Grinder (D:3)
  Sigmund (D:3)
  A steam dragon (D:7)
  A water moccasin (D:5)
  2 ice beasts
  3 sky beasts
  An ogre (D:6)
  3 black bears (D:5)
  A phantom (D:6)
  2 bullfrogs (D:6)
  2 scorpions (D:4)
  5 wights
  A howler monkey (D:6)
  2 hounds (D:6)
  A gnoll bouda (D:6)
  3 jellies
  3 orc priests
  A sleepcap (D:5)
  8 orc wizards
  4 gnolls (D:6)
  10 adders
  2 worms
  3 dart slugs
  15 orcs
  7 bats
  9 endoplasms
  3 giant cockroaches (D:1)
  10 goblins
  7 hobgoblins
  3 jackals
  2 quokkas
  13 ball pythons
  4 frilled lizards
  5 kobolds
  7 rats
147 creatures vanquished.

Notes
Turn   | Place    | Note
-------+----------+-------------------------------------------
     0 | D:1      | Edgeworth the Gargoyle Fighter began the quest for the Orb.
     0 | D:1      | Reached XP level 1. HP: 14/14 MP: 1/1
   117 | D:1      | Reached XP level 2. HP: 19/19 MP: 2/2
   523 | D:1      | Reached XP level 3. HP: 24/24 MP: 3/3
  1001 | D:2      | Found Ishruirphu's General Store.
  1026 | D:2      | Bought a scroll of identify for 28 gold pieces
  1081 | D:2      | Found Pasmesch's Weapon Shop.
  1250 | D:2      | Reached XP level 4. HP: 21/29 MP: 4/4
  1380 | D:3      | Reached skill level 3 in Maces & Flails
  1410 | D:3      | Found Umerinui's Weapon Shop.
  1560 | D:3      | Noticed Grinder
  1578 | D:3      | Paralysed by Grinder for 3 turns
  1585 | D:3      | Killed Grinder
  1586 | D:3      | Reached skill level 4 in Maces & Flails
  1586 | D:3      | Reached XP level 5. HP: 8/34 MP: 5/5
  1586 | D:3      | Reached XP level 6. HP: 10/39 MP: 6/6
  1730 | D:3      | Noticed Sigmund
  1748 | D:3      | Killed Sigmund
  1749 | D:3      | Reached skill level 5 in Maces & Flails
  1749 | D:3      | Reached XP level 7. HP: 38/44 MP: 7/7
  2722 | D:4      | Reached skill level 5 in Shields
  2973 | D:4      | Reached skill level 6 in Maces & Flails
  2979 | D:4      | Reached skill level 5 in Armour
  3482 | D:5      | Entered Level 5 of the Dungeon
  3614 | D:5      | Reached skill level 5 in Fighting
  3614 | D:5      | Reached XP level 8. HP: 30/49 MP: 8/8
  4127 | D:5      | Reached skill level 7 in Maces & Flails
  4180 | D:5      | Found a staircase to the Ecumenical Temple.
  4214 | Temple   | Entered the Ecumenical Temple
  4311 | Temple   | Became a worshipper of Warmaster Okawaru
  4720 | D:5      | Reached XP level 9. HP: 55/55 MP: 9/9
  4961 | D:6      | Reached * piety under Okawaru
  5046 | D:6      | Reached skill level 8 in Maces & Flails
  5089 | D:6      | Found a sparkling altar of Nemelex Xobeh.
  5089 | D:6      | Found a hide-covered altar of Uskayaw.
  5090 | D:6      | Found a sacrificial altar of Ru.
  5416 | D:6      | Reached ** piety under Okawaru
  5793 | D:7      | Got Xiwairon's Catalogue of Transition
  5839 | D:7      | Noticed Pikel
  5858 | D:7      | Killed Pikel
  6076 | D:7      | Reached skill level 9 in Maces & Flails
  6247 | D:7      | Noticed a komodo dragon
  6463 | D:7      | HP: 2/56 [killer bee (2)]
  6463 | D:7      | Slain by a killer bee

Illustrated notes

Levels and vault maps discovered:
D:1:      wander_arrival_lonely_grave, layout_loops_ring
D:2:      layout_basic, serial_shops, nicolae_diamond_shop,
          nicolae_shop_tiny_waterfront, minmay_bisected
D:3:      layout_basic, serial_shops, shop, uniq_sigmund, uniq_grinder
D:4:      minmay_evil_eye, layout_basic, hex_tiny, chequers_big_river,
          minmay_bent
D:5:      layout_basic, minmay_temple_entry_mini_moons
D:6:      layout_basic, gammafunk_temple_overflow_claw,
          kennysheep_generic_room_13
D:7:      layout_gridville, lightli_corner_chamber, uniq_pikel
Temple:   compressed_dpeg_triangle_lava_temple

Skill      XL: |  1  2  3  4  5  6  7  8  9 |
---------------+----------------------------+-----
Maces & Flails | 4 5 6 7 9 |  9.1
Fighting       | 4 5 6 |  6.9
Armour         | 4 5 6 7 |  7.4
Shields        | 4 5 6 7 |  7.7

Action                     |  1- 3 |  4- 6 |  7- 9 || total
---------------------------+-------+-------+-------++-------
  Melee: Flail             |   137 |    64 |   446 ||   647
    Use: Potion            |       |       |     2 ||     2
 Armour: Scale mail        |    83 |    40 |    46 ||   169
         Chain mail        |       |       |   245 ||   245
  Dodge: Dodged            |    56 |    31 |   112 ||   199
  Block: Buckler           |    12 |       |       ||    12
         Kite shield       |    40 |    27 |   238 ||   305
